 Seeded DCSS version 0.32-a0-918-g0f22ef8d61 (webtiles) character file.

Game seed: 202404118 (custom seed)

870 Orlauf the Slasher (level 7, -10/56 HPs)
             Began as a Demonspawn Gladiator on Apr 11, 2024.
             Mangled by an ogre
             ... wielding a +0 giant club
              (21 damage)
             ... on level 5 of the Dungeon.
             The game lasted 00:06:20 (3802 turns).

Orlauf the Slasher (Demonspawn Gladiator)           Turns: 3802, Time: 00:06:20

Health: -10/56     AC: 17    Str: 16    XL:     7   Next: 73%
Magic:  7/7        EV:  4    Int:  9    God:
Gold:   153        SH:  4    Dex: 14    Spells: 6/6 levels left

rFire   . . .        a - +1 long sword
rCold   . . .        (no shield)
rNeg    . . .        h - +0 plate armour
rPois   .            c - +1 helmet
rElec   .            m - +2 cloak {Will+}
rCorr   .            (no gloves)
SInv    .            (no boots)
Will    +....        (no amulet) Stlth
                     (no ring)
HPRegen 0.29/turn    (no ring)
MPRegen 0.10/turn

%: no passive effects
@: wreathed by umbra, studying Maces & Flails
A: claws 2, yellow scales 1, condensation shield, foul shadow 1
a: no special abilities


You were on level 5 of the Dungeon.
You visited 1 branch of the dungeon, and saw 5 of its levels.
You also visited: Ossuary.

You collected 153 gold pieces.

Inventory:

Hand Weapons
 a - a +1 long sword (weapon)
Missiles
 e - a javelin
Armour
 c - a +1 helmet (worn)
 h - a +0 plate armour (worn)
 m - a +2 cloak of willpower (worn)
Wands
 g - a wand of digging (6)
 i - a wand of flame (20) (quivered)
 l - a wand of warping (1)
Scrolls
 j - a scroll of noise {unknown}
 r - a scroll of enchant weapon
 s - a scroll of teleportation
Potions
 b - a potion of lignification {unknown}
 d - 4 potions of might
 f - 2 potions of degeneration {unknown}
 k - a potion of haste {unknown}
 n - a potion of berserk rage {unknown}
 o - 3 potions of cancellation {unknown}
 p - a potion of curing
 q - a potion of enlightenment {unknown}


   Skills:
 + Level 5.4 Fighting
 * Level 7.1 Long Blades
 - Level 1.7 Throwing
 - Level 2.6 Dodging


You had 6 spell levels left.
You didn't know any spells.
Your spell library was empty.

Dungeon Overview and Level Annotations

Branches:
Dungeon (5/15)            Ossuary (visited)
 Temple: D:4-7

Altars:


Innate Abilities, Weirdness & Mutations

You have very sharp fingernails.
You are partially covered in yellow scales. (AC +2)
A meltable shield of frost defends you. (SH +4)
You are faintly shadowed, very rarely releasing foul flame when damaged in melee.


Message History

The ufetubus resists.
The ufetubus is heavily wounded.
You barely miss the ufetubus.
The ufetubus is heavily wounded.
The ufetubus barely misses you.
The ufetubus hits you but does no damage.
The ogre hits you with a +0 giant club!
You slash the ufetubus!
You kill the ufetubus!
The ogre hits you with a +0 giant club!!
* * * LOW HITPOINT WARNING * * *
You are too injured to fight recklessly!
You are too injured to fight recklessly!
You are too injured to fight recklessly!
You are too injured to fight recklessly!
You are too injured to fight recklessly!
You are too injured to fight recklessly!
You are too injured to fight recklessly!
You are too injured to fight recklessly!
You are too injured to fight recklessly!
You are too injured to fight recklessly!
You are too injured to fight recklessly!
Unknown command.
You hit the ogre.
The ogre is lightly wounded.
You hit the ogre.
The ogre is lightly wounded.
The ogre barely misses you.
You hit the ogre.
The ogre is moderately wounded.
The ogre hits you but does no damage.
You hit the ogre.
The ogre is moderately wounded.
You hit the ogre.
The ogre is heavily wounded.
The ogre barely misses you.
You hit the ogre.
The ogre is severely wounded.
The ogre hits you with a +0 giant club!!
You die...

...# ...# ####### ...#
##.....## ...#
##.......## ...####+#
#.......... ....#.#.#
#.........# ........##
#.........#
##..#....#####..........
#.#............@O.....#
#...#...#####.........#
#####...#####.........#
#.................#
#...#####.........#
#...# #.........# #...#
##.......## #####
##.....## ##


You could see an ogre.

Vanquished Creatures
  2 ogres
  A phantom (D:5)
  3 water moccasin zombies (Ossuary)
  A burial acolyte (Ossuary)
  A hound (D:4)
  2 spectral scorpions (Ossuary)
  Crazy Yiuf (D:2)
  Natasha (thrice) (D:2)
  A crocodile zombie (Ossuary)
  2 mummies (Ossuary)
  A gnoll (D:1)
  2 adders (D:2)
  2 ufetubi (D:5)
  5 adder zombies (Ossuary)
  4 dart slugs
  A ribbon worm (D:3)
  3 orcs
  9 endoplasms
  15 gnoll zombies (Ossuary)
  10 hobgoblins
  3 jackals (D:2)
  10 kobolds
  6 quokkas
  7 ball pythons
  2 bats (D:2)
  6 frilled lizards
  10 goblins
  A goblin zombie (D:4)
  2 jackal zombies (Ossuary)
  An orc zombie (Ossuary)
  3 rats
  A rat zombie (D:4)
121 creatures vanquished.

Notes
Turn   | Place    | Note
-------+----------+-------------------------------------------
     0 | D:1      | Orlauf the Demonspawn Gladiator began the quest for the
                  | Orb.
     0 | D:1      | Reached XP level 1. HP: 16/16 MP: 1/1
   140 | D:1      | Reached skill level 3 in Long Blades
   140 | D:1      | Gained mutation: A meltable shield of frost defends you.
                  | (SH +4) [demonic ancestry]
   140 | D:1      | Reached XP level 2. HP: 23/23 MP: 2/2
   274 | D:1      | Gained mutation: You are faintly shadowed, very rarely
                  | releasing foul flame when damaged in melee. [demonic
                  | ancestry]
   274 | D:1      | Reached XP level 3. HP: 22/28 MP: 3/3
   894 | D:2      | Noticed Natasha
   901 | D:2      | Killed Natasha
   902 | D:2      | Reached skill level 4 in Long Blades
   902 | D:2      | Gained mutation: You are partially covered in yellow
                  | scales. (AC +2) [demonic ancestry]
   902 | D:2      | Reached XP level 4. HP: 33/35 MP: 4/4
   967 | D:2      | Noticed Natasha
   975 | D:2      | Killed Natasha
  1458 | D:2      | Noticed Natasha
  1467 | D:2      | Killed Natasha
  1468 | D:2      | Gained mutation: You have sharp fingernails. [demonic
                  | ancestry]
  1468 | D:2      | Reached XP level 5. HP: 34/41 MP: 5/5
  1513 | D:2      | Found a runed translucent door.
  1514 | D:2      | Noticed Crazy Yiuf
  1529 | D:2      | Killed Crazy Yiuf
  2341 | D:3      | Reached skill level 5 in Long Blades
  2535 | D:4      | Found a sand-covered staircase.
  2554 | Ossuary  | Entered an ossuary
  2636 | Ossuary  | HP: 2/42 [burial acolyte/a malign offering (15)]
  2641 | Ossuary  | Reached XP level 6. HP: 14/48 MP: 6/6
  2821 | Ossuary  | Reached skill level 6 in Long Blades
  2856 | Ossuary  | Gained mutation: You have very sharp fingernails. [demonic
                  | ancestry]
  2856 | Ossuary  | Reached XP level 7. HP: 54/55 MP: 7/7
  3580 | D:4      | Reached skill level 5 in Fighting
  3721 | D:5      | Entered Level 5 of the Dungeon
  3791 | D:5      | Reached skill level 7 in Long Blades
  3802 | D:5      | Mangled by an ogre

Illustrated notes

Levels and vault maps discovered:
D:1:      onia_arrival_mini_spirals, layout_loops_cross, minmay_pentomino_p4
D:2:      layout_loops_ring, uniq_crazy_yiuf_cottage, uniq_natasha
D:3:      layout_loops_ring, minmay_misc_feat_x
D:4:      layout_basic, enter_ossuary_4
D:5:      layout_rooms, nicolae_wu_jian_glorious_leap, uniq_duvessa

Skill      XL: |  1  2  3  4  5  6  7 |
---------------+----------------------+-----
Long Blades    | 3 4 5 6 7 |  7.1
Fighting       | 3 4 5 |  5.4
Throwing       | |  1.7
Dodging        | |  2.6

Action                     |  1- 3 |  4- 6 |  7- 9 || total
---------------------------+-------+-------+-------++-------
  Melee: Long sword        |    82 |   199 |    96 ||   377
  Throw: Throwing net      |     2 |     2 |       ||     4
  Evoke: Wand              |       |     5 |     9 ||    14
    Use: Scroll            |       |     6 |     3 ||     9
         Potion            |       |     3 |       ||     3
   Stab: Sleeping          |     1 |     2 |       ||     3
 Armour: Leather armour    |    40 |    28 |       ||    68
         Plate armour      |       |   106 |    72 ||   178
  Dodge: Dodged            |    43 |    54 |    18 ||   115
  Block: Other             |    10 |    32 |    10 ||    52

Table legend: (Time is in decaauts)
 A = Elapsed time spent in this place.
 B = Non-inter-level travel time spent in this place.
 C = Inter-level travel time spent in this place.
 D = Time resting spent in this place.
 E = Time spent auto-exploring this place.
 F = Levels seen in this place.
 G = Mean time per level.
                   A        B        C        D        E       F      G
               +--------+--------+--------+--------+--------+-----+--------+
         Total |   3856 |   3664 |    192 |    173 |   2566 |   6 |  642.7 |
       Dungeon |   3437 |   3245 |    192 |    171 |   2435 |   5 |  687.4 |
       Ossuary |    419 |    419 |      0 |      2 |    131 |   1 |  419.0 |
               +--------+--------+--------+--------+--------+-----+--------+

Top non-repeatable levels by time:
     D:2: 1004 daAuts
     D:4: 792 daAuts
     D:3: 784 daAuts
     D:1: 774 daAuts
 Ossuary: 419 daAuts
     D:5: 82 daAuts
